 Dungeon Crawl Stone Soup version 0.21.1-1-g345015f (webtiles) character file.

9523 Mirai the Fighter (level 11, -20/89 HPs)
             Began as a Demonspawn Fighter on Apr 7, 2018.
             Was an Elder of Okawaru.
             Demolished by a white ugly thing (34 damage)
             ... on level 12 of the Dungeon.
             The game lasted 00:28:04 (10961 turns).

Mirai the Fighter (Demonspawn Fighter)             Turns: 10961, Time: 00:28:05

Health: -20/89     AC: 14    Str: 19    XL:     11   Next: 24%
Magic:  0/12       EV: 10    Int: 13    God:    Okawaru [****..]
Gold:   579        SH:  8    Dex: 13    Spells: 10/10 levels left

rFire    . . .     SeeInvis .   u - +1 broad axe
rCold    . . .     Gourm    .   C - +2 buckler
rNeg     . . .     Faith    .   J - +3 ring mail "Emauci" {+Blink}
rPois    +         Spirit   +   e - +0 helmet {Int+3}
rElec    .         Reflect  .   z - +0 cloak
rCorr    .         Harm     .   (no gloves)
MR       .....                  (no boots)
Stlth    ..........             (no amulet)
HPRegen  0.24/turn              x - ring of wizardry
MPRegen  0.13/turn              w - ring of poison resistance

@: no status effects
A: hooves 1, thin metallic scales 1, demonic guardian 1, magic shield
a: Heroism, Renounce Religion, Evoke Blink


You were on level 12 of the Dungeon.
You worshipped Okawaru.
Okawaru was greatly pleased with you.
You were very hungry.

You visited 2 branches of the dungeon, and saw 13 of its levels.

You collected 766 gold pieces.
You spent 187 gold pieces at shops.

Inventory:

Hand Weapons
 u - a +1 broad axe (weapon)
 A - the +4 mace of Causality {drain, rF+ Str+5 Stlth+}
   (You found it on level 5 of the Dungeon)

   A truly terrible weapon, it drains the life of those it strikes.
   It affects your strength (+5).
   It protects you from fire.
   It makes you more stealthy.
Missiles
 d - 2 poisoned tomahawks (quivered)
Armour
 c - a +0 shield
 e - a +0 helmet of intelligence (worn)
 p - a +0 plate armour
 q - a +0 large shield
 z - a +0 cloak (worn)
 C - a +2 buckler (worn)
 F - a +2 leather armour of cold resistance
 J - the +3 ring mail "Emauci" (worn) {+Blink}
   (You found it on level 10 of the Dungeon)

   It lets you blink.
Jewellery
 w - a ring of poison resistance (right hand)
 x - a ring of wizardry (left hand)
Wands
 a - a wand of flame (59)
 b - a wand of paralysis (7)
 m - a wand of digging (2)
 o - a wand of random effects (23)
 H - a wand of polymorph (31)
Scrolls
 g - 8 scrolls of identify
 h - 4 scrolls of enchant weapon
 i - 4 scrolls of remove curse
 k - 3 scrolls of noise {unknown}
 l - 2 scrolls of teleportation
 n - 4 scrolls of amnesia
 t - a scroll of fog
 G - a scroll of enchant armour {unknown}
Potions
 j - a potion of flight {unknown}
 r - a potion of agility {unknown}
 s - 2 potions of heal wounds
 B - a potion of curing
 E - a potion of resistance
 I - a potion of mutation {unknown}
Books
 y - a book of Party Tricks

   Spells                             Type                      Level
   a - Summon Butterflies             Summoning                    1
   b - Apportation                    Translocation                1
   c - Lesser Beckoning               Translocation                3
   d - Tukima's Dance                 Hexes                        3
   e - Alistair's Intoxication        Transmutation/Poison         5
   f - Invisibility                   Hexes                        6
Miscellaneous
 D - a lamp of fire
Comestibles
 f - 17 rations


   Skills:
 + Level 9.4 Fighting
 + Level 8.3 Axes
 + Level 8.5 Armour
 + Level 8.6 Shields
 + Level 2.2 Invocations


You had 10 spell levels left.
You didn't know any spells.

Dungeon Overview and Level Annotations

Branches:
Dungeon (12/15)            Temple (1/1) D:7            Lair (0/6) D:11
    Orc: D:9-12

Altars:
Ashenzari
Cheibriados
Elyvilon
Fedhas
Gozag
Hepliaklqana
Kikubaaqudgha
Makhleb
Nemelex Xobeh
Okawaru
Qazlal
Ru
Sif Muna
Uskayaw
Vehumet
Wu Jian
Xom
Zin
The Shining One
Jiyva

Shops:
D:7 [

Annotations:
D:8 exclusion: statue


Innate Abilities, Weirdness & Mutations

You have large cloven feet.
You are partially covered in thin metallic scales. (AC +2)
A weak demonic guardian rushes to your aid.
When hurt, damage is shared between your health and your magic reserves.


Message History

Your ufetubus dies!
You slash the white ugly thing!
The white ugly thing is severely wounded.
You feel like a meek peon again.
You block the white ugly thing's attack.
You barely miss the white ugly thing. Your kick misses the white ugly thing.
The white ugly thing is severely wounded.
You are feeling very hungry.
The white ugly thing tentacle-slaps you.
* * * LOW HITPOINT WARNING * * *
The white ugly thing freezes you!!
* * * LOW HITPOINT WARNING * * *
You feel much better.
The white ugly thing tentacle-slaps you but does no damage.
You slash the white ugly thing!
The white ugly thing is almost dead.
The white ugly thing tentacle-slaps you!
* * * LOW HITPOINT WARNING * * *
The white ugly thing freezes you!!
You die...

.......##.####.##.#.#.#
...######.# #.# #.##.#
##.# #<# #.# #....#
.#.# ##+## #.# ###..#
.# # ##...###.#####..#
.#.# ##.....##......†.#
##.###.......######..##
...##.........####...##
....+.........'u@.....#
.####.........####...##
## ##.......## ##.## #
#...#...## #.#
#...##.## #.# #..8..###
#.# +.......# #.#
#..#+#..# #.# #.# #.#
#.#


You could see a white ugly thing.

Vanquished Creatures
  A two-headed ogre (D:10)
  A cyclops (D:11)
  A troll (D:9)
  Grinder (D:5)
  A hippogriff (D:7)
  Sigmund (D:6)
  3 wyverns
  4 yaks
  A porcupine (D:11)
  3 orc warriors
  A sky beast (D:9)
  A black bear (D:9)
  An eye of draining (D:10)
  5 ogres
  A phantom (D:10)
  An ice beast (D:7)
  10 centaurs
  3 crocodiles (D:11)
  5 bullfrogs
  3 big kobolds
  Blork the orc (D:4)
  A gnoll sergeant (D:7)
  6 scorpions
  5 killer bees (D:8)
  5 howler monkeys
  6 crimson imps
  2 bullfrog zombies
  8 jellies
  A hound (D:9)
  A gnoll shaman (D:6)
  4 orc priests
  11 orc wizards
  Crazy Yiuf (D:5)
  2 iguanas (D:9)
  14 worker ants
  A hound skeleton (D:6)
  2 worker ant zombies (D:5)
  13 gnolls
  6 adders
  A howler monkey skeleton (D:10)
  5 shadow imps
  7 oozes
  An adder skeleton (D:4)
  A worm (D:5)
  A dart slug (D:1)
  11 leopard geckos
  50 orcs
  16 bats
  3 giant cockroaches
  5 goblins
  8 hobgoblins
  7 jackals
  30 kobolds
  4 quokkas
  3 ball pythons
  6 frilled lizards
  A leopard gecko zombie (D:7)
  5 rats
  A fungus (D:11)
  A plant (D:11)
305 creatures vanquished.

Vanquished Creatures (collateral kills)
  A two-headed ogre (D:10)
  An ugly thing (D:11)
  A slime creature (D:11)
  A hungry ghost (D:10)
  A water moccasin (D:10)
  A sky beast (D:7)
  A black bear (D:11)
  A centaur (D:11)
  A bullfrog (D:9)
  2 scorpions
  2 orc priests
  A hound (D:9)
  An orc wizard (D:7)
  2 worker ants
  A gnoll (D:7)
  An adder (D:9)
  6 orcs
  A jackal (D:11)
26 creatures vanquished.

Vanquished Creatures (others)
  5 fungi (D:11)
  2 plants (D:11)
7 creatures vanquished.

Grand Total: 338 creatures vanquished

Notes
Turn   | Place    | Note
-------+----------+-------------------------------------------
     0 | D:1      | Mirai the Demonspawn Fighter began the quest for the Orb.
     0 | D:1      | Reached XP level 1. HP: 18/18 MP: 1/1
   312 | D:1      | Gained mutation: You are partially covered in thin metallic scales. (AC +2) [demonic ancestry]
   312 | D:1      | Reached XP level 2. HP: 24/24 MP: 2/2
   812 | D:2      | Reached XP level 3. HP: 7/29 MP: 3/3
   819 | D:2      | Gained mutation: When hurt, damage is shared between your health and your magic reserves. [demonic ancestry]
   819 | D:2      | Reached XP level 4. HP: 3/35 MP: 4/4
   827 | D:2      | HP: 1/35 [poisoned by an orc]
  2020 | D:3      | Found a shimmering altar of Xom.
  2020 | D:3      | Found a shimmering altar of Xom.
  2021 | D:3      | Found a shimmering altar of Xom.
  2021 | D:3      | Found a shimmering altar of Xom.
  2022 | D:3      | Found a shimmering altar of Xom.
  2022 | D:3      | Found a shimmering altar of Xom.
  2079 | D:3      | Found a shattered altar of Ashenzari.
  2155 | D:3      | Found a stormy altar of Qazlal.
  2222 | D:3      | Found a faded altar of an unknown god.
  2322 | D:3      | Reached XP level 5. HP: 13/42 MP: 2/5
  2880 | D:4      | Reached skill level 4 in Fighting
  3076 | D:4      | Noticed Blork the orc
  3127 | D:4      | Killed Blork the orc
  3127 | D:4      | Gained mutation: You have large cloven feet. [demonic ancestry]
  3127 | D:4      | Reached XP level 6. HP: 29/48 MP: 1/6
  3675 | D:5      | Entered Level 5 of the Dungeon
  4131 | D:5      | Gained mutation: A weak demonic guardian rushes to your aid. [demonic ancestry]
  4131 | D:5      | Reached XP level 7. HP: 49/55 MP: 7/7
  4452 | D:5      | Noticed Grinder
  4457 | D:5      | Killed Grinder
  4457 | D:5      | Reached skill level 5 in Fighting
  4658 | D:5      | Found a shimmering altar of Xom.
  4830 | D:5      | Found a sparkling altar of Nemelex Xobeh.
  4835 | D:5      | Reached skill level 5 in Shields
  4835 | D:5      | Reached XP level 8. HP: 37/63 MP: 3/8
  4893 | D:5      | Found a runed door.
  4963 | D:5      | Noticed Crazy Yiuf
  4967 | D:5      | Killed Crazy Yiuf
  4967 | D:5      | Reached skill level 5 in Armour
  4979 | D:5      | Got a brightly glowing mace
  5328 | D:6      | Noticed Sigmund
  5369 | D:6      | Killed Sigmund
  5728 | D:6      | Reached skill level 5 in Axes
  5794 | D:6      | Found a sacrificial altar of Ru.
  5907 | D:6      | Reached skill level 6 in Fighting
  6401 | D:7      | Found a staircase to the Ecumenical Temple.
  6410 | Temple   | Entered the Ecumenical Temple
  6516 | Temple   | Became a worshipper of Warmaster Okawaru
  6654 | D:7      | Reached XP level 9. HP: 71/71 MP: 9/9
  6702 | D:7      | Found Sishrob's Antique Armour Boutique.
  6722 | D:7      | Bought a glowing helmet for 187 gold pieces
  6888 | D:8      | Reached * piety under Okawaru
  6990 | D:8      | Reached skill level 7 in Fighting
  7216 | D:8      | Found a radiant altar of Vehumet.
  7783 | D:9      | Found a hazy altar of Hepliaklqana.
  7844 | D:9      | Noticed a troll
  7856 | D:9      | Killed a troll
  7856 | D:9      | Reached ** piety under Okawaru
  7952 | D:9      | Reached XP level 10. HP: 56/80 MP: 10/10
  8161 | D:9      | Reached skill level 8 in Fighting
  8162 | D:9      | Found a glowing golden altar of the Shining One.
  8309 | D:9      | Found a sparkling altar of Nemelex Xobeh.
  8406 | D:10     | Entered Level 10 of the Dungeon
  8494 | D:10     | Noticed a two-headed ogre
  8501 | D:10     | Killed a two-headed ogre
  8605 | D:10     | Reached *** piety under Okawaru
  8675 | D:10     | Noticed a two-headed ogre
  8690 | D:10     | Killed a two-headed ogre
  8735 | D:10     | Received a gift from Okawaru
  9067 | D:10     | Got a distressingly furry ring mail
  9080 | D:10     | Identified the +3 ring mail "Emauci" {+Blink} (You found it on level 10 of the Dungeon)
  9091 | D:10     | Identified the +4 mace of Causality {drain, rF+ Str+5 Stlth+} (You found it on level 5 of the Dungeon)
  9671 | D:11     | Noticed a brown ugly thing
  9671 | D:11     | Reached skill level 9 in Fighting
  9708 | D:11     | Killed a brown ugly thing
 10009 | D:11     | Noticed a cyclops
 10038 | D:11     | Killed a cyclops
 10038 | D:11     | Reached **** piety under Okawaru
 10038 | D:11     | Reached XP level 11. HP: 89/89 MP: 9/11
 10059 | D:11     | Found a staircase to the Lair.
 10076 | D:11     | Reached skill level 1 in Invocations
 10217 | D:11     | Found a viscous altar of Jiyva.
 10504 | D:11     | Found a sparkling altar of Nemelex Xobeh.
 10932 | D:12     | Noticed a white ugly thing
 10959 | D:12     | HP: 2/89 [white ugly thing (22)]
 10961 | D:12     | Demolished by a white ugly thing

Skill      XL: |  1  2  3  4  5  6  7  8  9 10 11 |
---------------+----------------------------------+-----
Axes           | 2 3 4 5 6 8 |  8.3
Armour         | 3 4 6 7 8 |  8.5
Shields        | 3 4 5 6 7 8 |  8.6
Fighting       | 4 5 6 7 9 |  9.4
Invocations    | 2 |  2.2

Action                   |  1- 3 |  4- 6 |  7- 9 | 10-12 || total
-------------------------+-------+-------+-------+-------++-------
Melee: War axe           |    66 |   195 |       |       ||   261
       Broad axe         |       |    79 |   395 |   345 ||   819
       Kick              |       |     7 |    95 |   115 ||   217
Throw: Tomahawk          |       |     1 |       |       ||     1
Invok: Heroism           |       |       |     4 |     8 ||    12
  Use: Potion            |     1 |     6 |     3 |     1 ||    11
       Scroll            |       |     3 |     6 |     2 ||    11
 Stab: Distracted        |       |       |     4 |     3 ||     7
  Eat: Chunk             |       |    11 |    13 |     8 ||    32
       Ration            |       |       |       |     1 ||     1
Armor: Scale mail        |    38 |    72 |       |       ||   110
       Plate armour      |       |   164 |   260 |    97 ||   521
       Skin              |       |       |    47 |       ||    47
       Ring mail         |       |       |       |    61 ||    61
Dodge: Dodged            |    23 |    91 |    71 |   112 ||   297
Block: Shield            |    42 |   172 |   259 |   107 ||   580
       Buckler           |       |       |       |    65 ||    65
